 Dungeon Crawl Stone Soup version 0.18.1-8-gdd0e5ea (webtiles) character file.

92 therealfakemoot the Cudgeler (level 4, -6/28 HPs)
             Began as a Gargoyle Fighter on June 4, 2016.
             Killed by nerve-wracking pain
             ... invoked by a shadow imp
             ... summoned by Natasha
              (14 damage)
             ... on level 2 of the Dungeon.
             The game lasted 00:03:54 (882 turns).

therealfakemoot the Cudgeler (Gargoyle Fighter)      Turns: 882, Time: 00:03:54

Health: -6/28      AC: 13    Str: 20    XL:     4   Next: 60%
Magic:  4/4        EV:  7    Int:  9    God:
Gold:   83         SH:  9    Dex:  9    Spells: 0 memorised, 3 levels left

rFire  . . .     SeeInvis .     a - +0 flail
rCold  . . .     Gourm    .     b - +0 scale mail
rNeg   + . .     Faith    .     c - +0 shield
rPois  ∞         Spirit   .     e - +2 hat
rElec  +         Dismiss  .     h - +0 cloak
rCorr  .         Reflect  .     (no gloves)
SustAt .         Harm     .     (no boots)
MR     .....                    (no amulet)
Stlth  ..........               (no ring)
                                (no ring)

@: not resistant to hostile enchantments, extremely unstealthy
A: negative energy resistance 1, electricity resistance, unbreathing,
petrification resistance, rot immunity, AC +3
a: no special abilities


You were on level 2 of the Dungeon.
You were not hungry.

You visited 1 branch of the dungeon, and saw 2 of its levels.

You collected 83 gold pieces.

Inventory:

Hand Weapons
 a - a +0 flail (weapon)
Armour
 b - a +0 scale mail (worn)
 c - a +0 shield (worn)
 e - a +2 hat (worn)
 h - a +0 cloak (worn)
Scrolls
 j - a scroll of magic mapping {unknown}
 k - 2 scrolls of identify {unknown}
 n - a scroll of immolation {unknown}
 p - 2 scrolls of blinking {unknown}
 r - a scroll of remove curse {unknown}
Potions
 d - a potion of might
 g - 2 potions of cure mutation {unknown}
 m - 2 potions of cancellation {unknown}
 o - 2 potions of lignification {unknown}
 q - a potion of resistance {unknown}
Comestibles
 f - 3 bread rations
 i - 11 chunks of flesh
 l - a meat ration


   Skills:
 - Level 3.2 Fighting
 * Level 3.9 Maces & Flails
 - Level 3.2 Armour
 + Level 1.7 Dodging
 + Level 0.2 Stealth
 - Level 3.2 Shields


You had 3 spell levels left.
You didn't know any spells.

Dungeon Overview and Level Annotations

Branches:
Dungeon (2/15)

Altars:

Annotations:
D:2 Natasha


Innate Abilities, Weirdness & Mutations

You are resistant to torment.
Your stone body is resilient (AC +3).
You are immune to poison.
You resist negative energy.
You are resistant to electric shocks.
You can survive without breathing.
You are immune to petrification.
You are immune to rotting.


Message History

You block the shadow imp's attack. Natasha claws you.
Your shield and scale mail prevent you from hitting Natasha.
Natasha is severely wounded.
Natasha claws you but does no damage. The shadow imp barely misses you.
Natasha casts a spell.
You see here a glowing robe.
You hit the shadow imp.
The shadow imp is moderately wounded.
The shadow imp closely misses you.
You hit the shadow imp but do no damage.
The shadow imp is moderately wounded.
The shadow imp gestures at you. Pain shoots through your body!
* * * LOW HITPOINT WARNING * * *
You closely miss the shadow imp.
The shadow imp is moderately wounded.
The shadow imp gestures at you. Pain shoots through your body!
Ouch! That really hurt!
You die...

######## #......#
#......#
##......#
########.......#
#...@5h5.......#
#.#######......##
## #.......# ..
#####.#.###.#
#####.........
#.............
.....#.........
#.#####....÷#.. .
###....)..#


You could see Natasha, a crimson imp and a shadow imp.

Vanquished Creatures
  Natasha (twice) (D:2)
  An adder (D:2)
  An ooze (D:1)
  2 giant geckos
  5 bats
  7 hobgoblins
  6 goblins
  2 kobolds
  2 rats (D:1)
28 creatures vanquished.

Notes
Turn   | Place    | Note
--------------------------------------------------------------
     0 | D:1      | therealfakemoot the Gargoyle Fighter began the quest for the Orb.
     0 | D:1      | Reached XP level 1. HP: 14/14 MP: 1/1
   177 | D:1      | Reached XP level 2. HP: 19/19 MP: 2/2
   725 | D:1      | Reached XP level 3. HP: 23/23 MP: 3/3
   737 | D:2      | Noticed Natasha
   764 | D:2      | Killed Natasha
   764 | D:2      | Reached skill level 1 in Dodging
   803 | D:2      | Noticed Natasha
   816 | D:2      | Killed Natasha
   816 | D:2      | Reached XP level 4. HP: 27/28 MP: 4/4
   859 | D:2      | Noticed Natasha
   882 | D:2      | Killed from afar by a shadow imp

Skill      XL: |  1  2  3 |
---------------+----------+-----
Maces & Flails | 3 |  3.9
Dodging        | 1 |  1.7
Fighting       | |  3.2
Armour         | |  3.2
Stealth        | |  0.2
Shields        | |  3.2

Action                   |  1- 3 |  4- 6 || total
-------------------------+-------+-------++-------
Melee: Flail             |   120 |    32 ||   152
Armor: Scale mail        |    96 |    20 ||   116
Dodge: Dodged            |    63 |    13 ||    76
Block: Shield            |    87 |    15 ||   102
